 Dungeon Crawl Stone Soup version 0.21.1-1-g345015f (webtiles) character file.

4173 nightchill the Epochal (level 10, -7/88 HPs)
             Began as a Pale Draconian Wizard on Mar 14, 2018.
             Was an Elder of Cheibriados.
             Mangled by a two-headed ogre
             ... wielding a +0 dire flail
              (19 damage)
             ... on level 8 of the Dungeon on Mar 20, 2018.
             The game lasted 01:19:26 (8212 turns).

nightchill the Epochal (Pale Draconian Wizard)      Turns: 8212, Time: 01:19:27

Health: -7/88      AC: 13    Str: 19    XL:     10   Next: 7%
Magic:  14/28      EV: 13    Int: 30    God:    Cheibriados [****..]
Gold:   325        SH:  0    Dex: 22    Spells: 12/21 levels left

rFire    . . .     SeeInvis .   s - +1 long sword of Causality {holy, rN+ Dex+3}
rCold    . . .     Gourm    .   (no shield)
rNeg     + . .     Faith    .   (armour unavailable)
rPois    .         Spirit   .   a - +0 hat
rElec    .         Reflect  .   L - +2 cloak
rCorr    .         Harm     .   u - +1 pair of gloves
MR       .....                  p - +0 pair of boots
Stlth    ++........             (no amulet)
HPRegen  0.24/turn              (no ring)
MPRegen  0.21/turn              G - ring of magical power

@: very slow
A: breathe steam, unfitting armour, cold-blooded, AC +7
a: Breathe Steam, Bend Time, Temporal Distortion, Slouch, Renounce Religion


You were on level 8 of the Dungeon.
You worshipped Cheibriados.
Cheibriados was greatly pleased with you.
You were not hungry.

You visited 1 branch of the dungeon, and saw 8 of its levels.

You collected 325 gold pieces.

Inventory:

Hand Weapons
 b - a +0 fustibalus
 s - the +1 long sword of Causality (weapon) {holy, rN+ Dex+3}
   (You found it on level 4 of the Dungeon)

   It has been blessed by the Shining One to cause great damage to the undead
   and demons.
   It affects your dexterity (+3).
   It protects you from negative energy.
 x - a +0 dagger of electrocution
 y - the +1 spear of Zin's Displeasure {pierce, MR+}
   (You found it on level 8 of the Dungeon)

   It inflicts extra damage upon your enemies.
   It affects your resistance to hostile enchantments.
 H - a +0 hunting sling of flaming
 J - a +2 whip of venom
Missiles
 g - 7 poisoned tomahawks
 h - 191 stones
 i - 7 curare-tipped needles
 w - 44 sling bullets
 C - 21 tomahawks (quivered)
Armour
 a - a +0 hat (worn)
 n - a +0 buckler
 p - a +0 pair of boots (worn)
 u - a +1 pair of gloves (worn)
 L - a +2 cloak (worn)
Magical Staves
 I - an uncursed staff of earth
Jewellery
 G - a ring of magical power (right hand)
Wands
 q - a wand of flame (8)
 D - a wand of scattershot (5)
Scrolls
 e - a scroll of fog
 j - 7 scrolls of teleportation
 A - a scroll of immolation
 B - 2 scrolls of amnesia
 E - 2 scrolls of enchant weapon
 F - a scroll of fear
Potions
 d - a potion of heal wounds
 k - 6 potions of curing
 l - a potion of invisibility
 o - a potion of resistance
 r - a potion of cancellation
 t - 2 potions of mutation
 z - a potion of magic
 K - a potion of flight
 M - a potion of agility
Books
 m - a book of Minor Magic

   Spells                             Type                      Level
   a - Magic Dart                     Conjuration                  1
   b - Blink                          Translocation                2
   c - Call Imp                       Summoning                    2
   d - Slow                           Hexes                        2
   e - Conjure Flame                  Conjuration/Fire             3
   f - Mephitic Cloud                 Conjuration/Poison/Air       3
Comestibles
 c - 10 rations


   Skills:
 + Level 7.8 Fighting
 + Level 3.7 Long Blades
 - Level 1.7 Dodging
 - Level 1.7 Stealth
 + Level 0.4 Shields
 + Level 6.0 Spellcasting
 + Level 8.3 Conjurations
   Level 1.0 Summonings
 - Level 1.0 Translocations
 - Level 3.1 Air Magic
 - Level 3.0 Poison Magic
 + Level 10.1 Invocations
 - Level 1.9 Evocations


You had 12 spell levels left.
You knew the following spells:

 Your Spells              Type           Power        Failure   Level  Hunger
a - Magic Dart            Conj           ####         1%          1    None
b - Mephitic Cloud        Conj/Pois/Air  #####...     2%          3    None
c - Conjure Flame         Conj/Fire      ####....     2%          3    None
d - Blink                 Tloc           N/A          5%          2    None


Dungeon Overview and Level Annotations

Branches:
Dungeon (8/15)             Temple (0/1) D:5
   Lair: D:8-11

Altars:
Cheibriados
Sif Muna
Trog
Uskayaw
Wu Jian

Shops:
D:6 %

Annotations:
D:1 exclusion: downstairs
D:2 exclusions: 2 downstairs and 1 more exclusion, Natasha


Innate Abilities, Weirdness & Mutations

You can breathe blasts of scalding, opaque steam.
Your pale cyan-grey scales are hard. (AC +7)
You cannot fit into any form of body armour.
You are cold-blooded and may be slowed by cold attacks.


Message History

The two-headed ogre is heavily wounded.
The two-headed ogre hits you with a giant club!!
* * * LOW HITPOINT WARNING * * *
The two-headed ogre misses you.
You riposte.
You barely miss the two-headed ogre. You tail-slap the two-headed ogre.
The two-headed ogre is heavily wounded.
The two-headed ogre hits you with a giant club!
* * * LOW HITPOINT WARNING * * *
You warp the flow of time around you!
You feel quite a bit more hungry.
You can no longer step out of the time flow.
Cheibriados lowers the support of your attributes as your movement quickens.
You can feel time thicken for a moment.
You are starving!
Cheibriados lowers the support of your attributes as your movement quickens.
You don't have the energy to cast that spell.
You don't have the energy to cast that spell.
You're too hungry.
You eat one of the 11 rations.
That ration really hit the spot!
The two-headed ogre hits you with a dire flail!!
You die...

#........ #......(
#....... ##.......
#.....).# #.......#
#.....O)######
...$...@)##..### #
.......#††#....###
##.
.......##........##
##.. ......#
###.......###...
#.....
#........##....
##..##
#.............# ###
#...#...#......
#...#######....
#..## #....


You could see a two-headed ogre.

Vanquished Creatures
  Prince Ribbit (D:7)
  A hungry ghost (D:7)
  Menkaure (D:7)
  2 sky beasts
  A black bear (D:7)
  An orc warrior (D:8)
  2 ogres
  4 centaurs
  A big kobold (D:8)
  3 bullfrogs (D:7)
  A wyvern zombie (D:7)
  A scorpion (D:7)
  3 killer bees (D:7)
  3 bullfrog zombies
  A crimson imp (D:6)
  The ghost of Terandir the Digger, a weakling DEEE (D:3)
  4 hounds
  9 orc wizards
  A bullfrog skeleton (D:4)
  A centaur skeleton (D:6)
  4 orc priests
  Natasha (twice) (D:2)
  2 worker ants (D:4)
  A hound zombie (D:6)
  2 hound skeletons
  16 gnolls
  10 adders
  2 shadow imps
  4 worms
  2 dart slugs
  3 leopard geckos
  24 orcs
  4 giant cockroaches
  7 goblins
  7 hobgoblins
  10 jackals
  3 quokkas
  A ball python (D:2)
  10 bats
  6 frilled lizards
  A giant cockroach zombie (D:5)
  11 kobolds
  2 leopard gecko skeletons
  A quokka skeleton (D:3)
  5 rats
182 creatures vanquished.

Notes
Turn   | Place    | Note
-------+----------+-------------------------------------------
     0 | D:1      | nightchill the Draconian Wizard began the quest for the Orb.
     0 | D:1      | Reached XP level 1. HP: 14/14 MP: 4/4
   346 | D:1      | Reached XP level 2. HP: 15/20 MP: 1/6
   755 | D:1      | Found a snail-covered altar of Cheibriados.
   815 | D:1      | Became a worshipper of Cheibriados the Contemplative
  1156 | D:1      | Reached XP level 3. HP: 26/26 MP: 5/8
  1161 | D:1      | Learned a level 3 spell: Mephitic Cloud
  1699 | D:2      | Reached * piety under Cheibriados
  1722 | D:2      | Noticed Natasha
  1769 | D:2      | Killed Natasha
  1769 | D:2      | Reached skill level 1 in Air Magic
  1769 | D:2      | Reached skill level 1 in Poison Magic
  1769 | D:2      | Reached XP level 4. HP: 17/33 MP: 0/9
  2297 | D:3      | Learned a level 3 spell: Conjure Flame
  2482 | D:3      | Noticed Terandir's ghost (weakling DEEE)
  2552 | D:2      | Noticed Natasha
  2555 | D:2      | Killed Natasha
  2621 | D:2      | Learned a level 2 spell: Blink
  2646 | D:2      | Noticed Natasha
  2681 | D:3      | Killed Terandir's ghost
  2681 | D:3      | Reached XP level 5. HP: 26/38 MP: 0/11
  2919 | D:3      | Reached ** piety under Cheibriados
  3718 | D:4      | Found a hide-covered altar of Uskayaw.
  3719 | D:4      | Noticed a dagger
  3719 | D:4      | Noticed a hand axe
  3730 | D:4      | Got a scorched long sword
  3731 | D:4      | Identified the +1 long sword of Causality {holy, rN+ Dex+3} (You found it on level 4 of the Dungeon)
  3809 | D:4      | Reached XP level 6. HP: 38/45 MP: 3/12
  3840 | D:4      | Reached skill level 1 in Invocations
  3969 | D:4      | Reached skill level 1 in Evocations
  4359 | D:4      | Your scales start taking on a pale cyan-grey colour.
  4359 | D:4      | Reached XP level 7. HP: 50/50 MP: 9/13
  4370 | D:4      | Reached skill level 2 in Invocations
  4492 | D:4      | Reached *** piety under Cheibriados
  4493 | D:4      | Found a deep blue altar of Sif Muna.
  5061 | D:5      | Entered Level 5 of the Dungeon
  5141 | D:5      | Reached skill level 1 in Fighting
  5141 | D:5      | Reached skill level 1 in Long Blades
  5344 | D:5      | Reached skill level 3 in Invocations
  5348 | D:5      | Found a staircase to the Ecumenical Temple.
  5361 | D:5      | Reached skill level 5 in Spellcasting
  5488 | D:5      | Reached XP level 8. HP: 51/61 MP: 15/15
  5608 | D:5      | Reached **** piety under Cheibriados
  6151 | D:6      | Found Wilen's Food Shoppe.
  6202 | D:6      | Reached skill level 10 in Invocations
  6202 | D:6      | Reached XP level 9. HP: 79/79 MP: 16/16
  6863 | D:7      | Found an ornate altar of the Wu Jian Council.
  7001 | D:7      | Noticed Prince Ribbit
  7015 | D:7      | Killed Prince Ribbit
  7209 | D:7      | Found a bloodstained altar of Trog.
  7310 | D:7      | Noticed Menkaure
  7311 | D:7      | Killed Menkaure
  7504 | D:7      | Reached ***** piety under Cheibriados
  7506 | D:7      | Reached XP level 10. HP: 87/88 MP: 0/18
  8167 | D:8      | Got a scorched spear
  8168 | D:8      | Identified the cursed +1 spear of Zin's Displeasure {pierce, MR+} (You found it on level 8 of the Dungeon)
  8189 | D:8      | Noticed a two-headed ogre
  8212 | D:8      | Mangled by a two-headed ogre

Skill      XL: |  1  2  3  4  5  6  7  8  9 10 |
---------------+-------------------------------+-----
Conjurations   | 2 3 4 7 8 |  8.3
Air Magic      | 1 2 3 |  3.1
Poison Magic   | 1 2 3 |  3.0
Spellcasting   | 4 5 6 |  6.0
Invocations    | 1 3 10 | 10.1
Evocations     | 1 |  1.9
Fighting       | 1 7 |  7.8
Long Blades    | 1 2 3 |  3.7
Dodging        | |  1.7
Stealth        | |  1.7
Shields        | |  0.4
Summonings     | |  1.0
Translocations | |  1.0

Action                   |  1- 3 |  4- 6 |  7- 9 | 10-12 || total
-------------------------+-------+-------+-------+-------++-------
Melee: Unarmed           |    14 |       |       |       ||    14
       Tailslap          |     2 |     7 |    57 |    14 ||    80
       Club              |    13 |    20 |       |       ||    33
       Long sword        |       |    24 |   156 |    28 ||   208
Throw: Stone             |       |     8 |     2 |       ||    10
       Tomahawk          |       |       |     2 |       ||     2
 Cast: Magic Dart        |    83 |   104 |    27 |       ||   214
       Mephitic Cloud    |     1 |     8 |     6 |     3 ||    18
       Conjure Flame     |       |     9 |     1 |       ||    10
Invok: Slouch            |       |       |     1 |     1 ||     2
       Temporal Distorti |       |       |       |     2 ||     2
 Abil: Breathe Steam     |       |       |    22 |     2 ||    24
  Use: Potion            |     2 |       |     1 |       ||     3
       Scroll            |       |    11 |     4 |     5 ||    20
 Stab: Confused          |       |     4 |     6 |     1 ||    11
       Sleeping          |       |       |     2 |     1 ||     3
       Distracted        |       |       |     1 |       ||     1
  Eat: Chunk             |     3 |     4 |     8 |       ||    15
       Ration            |       |       |       |     1 ||     1
Armor: Skin              |    19 |    27 |    91 |     8 ||   145
Dodge: Dodged            |    40 |    44 |   133 |    16 ||   233
       Rpst.: Long sword |       |     6 |    49 |    10 ||    65
